 Dungeon Crawl Stone Soup version 0.31.0-1-g2c135a008e (webtiles) character file.

Game seed: 1218647776763554462

124 Colgate the Ruffian (level 4, -2/34 HPs)
             Began as an Armataur Shapeshifter on Jan 20, 2024.
             Was a Follower of Cheibriados.
             Slain by a goblin
             ... wielding a +0 dagger
             ... led by Robin
              (3 damage)
             ... on level 4 of the Dungeon.
             The game lasted 00:08:30 (2335 turns).

Colgate the Ruffian (Armataur Shapeshifter)         Turns: 2335, Time: 00:08:31

Health: -2/34      AC:  8    Str: 30    XL:     4   Next: 81%
Magic:  4/4        EV:  5    Int: 13    God:    Cheibriados [*.....]
Gold:   130        SH:  0    Dex: 13    Spells: 3/3 levels left

rFire   . .          .
                       - Unarmed
rCold   . . .        (no shield)
rNeg    . . .        f - +0 plate armour
rPois   .            (helmet currently unavailable)
rElec   .            (cloak currently unavailable)
rCorr   .            (gloves currently unavailable)
SInv    .            (no barding)
Will    +....        (no amulet) Stlth
                     g - +6 ring of strength
HPRegen 0.25/turn    (no ring)
MPRegen 0.09/turn

%: roll
@: beast-form, attractive, very slow
A: beast (slay +1), large, deformed body, tough skin 3, armoured tail, roll 1,
stinger 1, strong-willed 1
a: Begin Untransformation, Renounce Religion, Bend Time


You were on level 4 of the Dungeon.
You worshipped Cheibriados.
Cheibriados was aware of your devotion.
You were a hulking beast.
You visited 1 branch of the dungeon, and saw 4 of its levels.

You collected 130 gold pieces.

Inventory:

Armour
 a - a +0 animal skin
 f - a +0 plate armour (worn)
 j - a +0 pair of gloves
 m - the +0 leather armour of Tyvvaadi {Harm rElec}
   (You found it on level 3 of the Dungeon)

   rElec:     It insulates you from electricity.
   Harm:      It increases damage dealt and taken.
Jewellery
 g - a +6 ring of strength (left hand)
Talismans
 c - a beast talisman
 d - a flux talisman
Scrolls
 e - a scroll of noise
 i - a scroll of fog {unknown}
 p - 2 scrolls of vulnerability {unknown}
 q - a scroll of revelation {unknown}
 r - a scroll of enchant armour {unknown}
Potions
 h - a potion of mutation
 n - 2 potions of enlightenment


   Skills:
 - Level 0.8 Fighting
 - Level 1.3 Dodging
 + Level 5.1 Unarmed Combat
 - Level 2.6 Shapeshifting


You had 3 spell levels left.
You didn't know any spells.
Your spell library was empty.

Dungeon Overview and Level Annotations

Branches:
Dungeon (4/15)
 Temple: D:4-7

Altars:
Cheibriados

Annotations:
D:4 Grinder, Robin


Innate Abilities, Weirdness & Mutations

You are a hulking beast.
Your limbs bulge with bestial killing power. (Slay +1)
Armour fits poorly on your strangely shaped body.
You have extremely tough skin. (AC +3)
You have a long armoured tail.
You regenerate magic when rolling toward enemies. (Rampage MPRegen)
Your tail ends in a venomous barb.
You are strong-willed. (Will+)


Message History

A goblin comes into view. It is wielding a +0 club.
A goblin comes into view. It is wielding a +0 dagger.
Grinder hits you. The goblin barely misses you.
The goblin is attracted toward you. x2
Robin attacks as they pursue you!
Robin hits you with a +1 falchion of protection.
* * * LOW HITPOINT WARNING * * *
The goblin hits you but does no damage.
Okay, then.
Really quaff the potion of lignification?
Your transformation has ended.
You turn into a tree.
Your +0 plate armour melds into your body.
Your roots penetrate the ground.
A goblin comes into view. It is wielding a +0 dagger.
The goblin hits you but does no damage. x2; The goblin is attracted toward you. x2
The goblin shouts!
You hit Robin but do no damage.
You hear a shout!
The goblin hits you but does no damage. The goblin hits you with a +0 dagger.
* * * LOW HITPOINT WARNING * * *
The goblin hits you but does no damage.
Robin says, "Bow before me, strongest of all the hobgoblins!"
You hit Robin but do no damage. The goblin hits you but does no damage.
The goblin hits you with a +0 dagger.
* * * LOW HITPOINT WARNING * * *
The goblin hits you with a +0 dagger.
* * * LOW HITPOINT WARNING * * *
Grinder says, "I used to sell toenails on the black market."
Robin hits you but does no damage.
It was a potion of cancellation.
Your magical effects are unravelling.
You feel magically purged.
You feel less wooden.
Your +0 plate armour unmelds from your body.
You turn into a hulking beast.
The goblin barely misses you. The goblin hits you with a +0 dagger.
* * * LOW HITPOINT WARNING * * *
The goblin hits you with a +0 dagger.
You die...

######..#..# ..#
#.....#...# ..#
#.....#...# ...#
#.....+...# ...#
#.....##..#....#
###+####..#..§.+
#.......5gggg§§#
#......ggg#....#
#.....##hg# ...#
#.....##..# 5.#
#.....##..# .#
#.....##..# #
#.........#
#.....#####
#.....# #####+#


You could see Grinder, Robin and 6 goblins.

Vanquished Creatures
  An ogre (D:3)
  An adder (D:3)
  3 ball pythons
  6 bats
  4 endoplasms
  2 goblins
  4 hobgoblins
  3 jackals (D:2)
  A quokka (D:1)
  A frilled lizard (D:3)
  6 rats
32 creatures vanquished.

Notes
Turn   | Place    | Note
-------+----------+-------------------------------------------
     0 | D:1      | Colgate the Armataur Shapeshifter began the quest for the
                  | Orb.
     0 | D:1      | Reached XP level 1. HP: 15/15 MP: 1/1
   162 | D:1      | Reached skill level 3 in Unarmed Combat
   531 | D:1      | Reached XP level 2. HP: 22/22 MP: 2/2
  1458 | D:3      | Noticed an ogre
  1588 | D:3      | Identified the +0 leather armour of Tyvvaadi {Harm rElec}
  1904 | D:3      | Reached skill level 4 in Unarmed Combat
  1904 | D:3      | Reached XP level 3. HP: 27/27 MP: 3/3
  1905 | D:3      | Found a faded altar of an unknown god.
  1913 | D:3      | Prayed at the altar of an unknown god.
  1913 | D:3      | Became a worshipper of Cheibriados the Contemplative
  1913 | D:3      | Reached * piety under Cheibriados
  2058 | D:3      | Gained mutation: Your tail ends in a venomous barb. [potion
                  | of mutation]
  2058 | D:3      | Gained mutation: You are strong-willed. (Will+) [potion of
                  | mutation]
  2060 | D:3      | Killed an ogre
  2061 | D:3      | Reached skill level 5 in Unarmed Combat
  2061 | D:3      | Reached XP level 4. HP: 34/34 MP: 4/4
  2254 | D:4      | Noticed Grinder
  2319 | D:4      | Paralysed by Grinder for 5 turns
  2321 | D:4      | Noticed Robin
  2335 | D:4      | HP: 1/34 [goblin/+0 dagger[Robin] (3)]
  2335 | D:4      | Slain by a goblin

Illustrated notes

Levels and vault maps discovered:
D:1:      dpeg_arrival_boxes_within_box, layout_loops_ring, serial_rivers,
          chequers_serial_rivers_small_3, chequers_serial_rivers_micro_a,
          chequers_serial_rivers_micro_b, chequers_serial_rivers_small_b
D:2:      layout_loops_ring
D:3:      layout_basic, shapermc_ecumenical_altar_totnotflames,
          grunt_decor_mini_mirrors, minmay_misc_feat_encased
D:4:      layout_gridville, uniq_grinder, uniq_natasha, uniq_robin

Skill      XL: |  1  2  3 |
---------------+----------+-----
Unarmed Combat | 3 4 5 |  5.1
Fighting       | |  0.8
Dodging        | |  1.3
Shapeshifting  | |  2.6

Action                     |  1- 3 |  4- 6 || total
---------------------------+-------+-------++-------
  Melee: Unarmed           |    78 |    12 ||    90
         Tailslap          |     6 |       ||     6
         Punch             |     1 |       ||     1
    Use: Scroll            |     3 |       ||     3
         Potion            |     1 |     4 ||     5
 Armour: Plate armour      |    52 |    20 ||    72
         Animal skin       |     3 |       ||     3
         Skin              |       |     9 ||     9
  Dodge: Dodged            |    15 |     2 ||    17
